 Dungeon Crawl Stone Soup version 0.31.0-9-g3a7656b989 (webtiles) character file.

Game seed: 12717845950107911941

63 qw the Shooter (level 3, -2/20 HPs)
             Began as a Deep Elf Hunter on Feb 2, 2024.
             Slain by a gnoll
             ... wielding a +0 club
              (6 damage)
             ... on level 2 of the Dungeon.
             The game lasted 00:00:02 (841 turns).

qw the Shooter (Deep Elf Hunter)                     Turns: 841, Time: 00:00:03

Health: -2/20      AC:  3    Str: 10    XL:     3   Next: 89%
Magic:  5/5        EV: 12    Int: 13    God:
Gold:   18         SH:  0    Dex: 18    Spells: 2/2 levels left

rFire   . . .        a - +0 shortbow
rCold   . . .        (shield currently unavailable)
rNeg    . . .        c - +0 leather armour
rPois   .            (no helmet)
rElec   .            (no cloak)
rCorr   .            (no gloves)
SInv    .            (no boots)
Will    +....        (no amulet)
Stlth   ++           e - ring of willpower
HPRegen 0.23/turn    (no ring)
MPRegen 0.09/turn

%: no passive effects
@: no status effects
A: no striking features
a: no special abilities


You were on level 2 of the Dungeon.
You visited 1 branch of the dungeon, and saw 2 of its levels.

You collected 18 gold pieces.


   Skills:
 - Level 1.5 Fighting
 + Level 7.3 Ranged Weapons
 - Level 2.4 Dodging
 - Level 1.2 Stealth


You had 2 spell levels left.
You didn't know any spells.
Your spell library was empty.

Inventory:

Hand Weapons
 a - a +0 shortbow (weapon)
Armour
 c - a +0 leather armour (worn)
Jewellery
 e - a ring of willpower (left hand)
Scrolls
 b - a scroll of identify {unknown}
Potions
 d - a potion of brilliance {unknown}
 f - a potion of curing
 g - a potion of degeneration {unknown}
 h - a potion of resistance {unknown}
 i - a potion of attraction {unknown}

Dungeon Overview and Level Annotations

Branches:
Dungeon (2/15)

Altars:


Message History

828 ||| RETREEEEATING.
Enter note:
829 ||| RETREEEEATING.
You see here a +0 flail.
You shoot an arrow. The arrow hits the gnoll.
The gnoll is heavily wounded.
You shoot an arrow. The arrow hits the gnoll.
The gnoll is severely wounded.
The gnoll misses you.
You shoot an arrow.
The arrow hits the gnoll but does no damage.
The gnoll is severely wounded.
The gnoll closely misses you.
You shoot an arrow. The arrow hits the gnoll.
The gnoll is almost dead.
The gnoll barely misses you.
You shoot an arrow.
The arrow hits the gnoll but does no damage.
The gnoll is almost dead.
The gnoll closely misses you.
Enter note:
835 ||| RETREEEEATING.
You shoot an arrow. The arrow barely misses the gnoll.
The gnoll hits you with a +0 club.
You shoot an arrow. The arrow hits the gnoll.
You kill the gnoll!
You shoot an arrow. The arrow hits the kobold.
The kobold is moderately wounded.
The kobold hits you with a +0 whip.
You shoot an arrow. The arrow hits the kobold!
You kill the kobold!
The gnoll closely misses you.
You shoot an arrow. The arrow closely misses the gnoll.
The gnoll hits you from afar with a +0 spear!
The gnoll hits you with a +0 club.
You shoot an arrow. The arrow hits the gnoll!
The gnoll is severely wounded.
The gnoll hits you from afar with a +0 spear.
The gnoll hits you with a +0 club.
You die...

.###.# #~.77.~#..## .K.
.#...# #~7..7~#... ..g.
...### #~~..~~#..##g..
.....## ###''###...<.#..
......## #..# #K.....
)......# #.####.g.# .......##
##.#......#### .......##..
###..#..g........
.......##.###...@##.#.......#
................)gg......##.#
........###...##....###..# .
.......#.........#### #..#
.......#.##%....## #...
.........##...#.# ##.
........###...#.# .......##
##..#.# .......# ##.# #


You could see 2 gnolls.

Vanquished Creatures
  A gnoll (D:2)
  3 adders (D:2)
  5 ball pythons
  An endoplasm (D:1)
  2 giant cockroaches
  2 goblins (D:1)
  4 hobgoblins
  2 bats (D:1)
  6 kobolds
  4 rats
30 creatures vanquished.

Notes
Turn   | Place    | Note
-------+----------+-------------------------------------------
     0 | D:1      | qw the Deep Elf Hunter began the quest for the Orb.
     0 | D:1      | Reached XP level 1. HP: 12/12 MP: 3/3
     0 | D:1      | 0 ||| qw: Version: 0.3-a-155-g5e7d8dd
     0 | D:1      | 0 ||| qw: Game counter: 1165
     0 | D:1      | 0 ||| qw: Melee chars always use a shield: true
     0 | D:1      | 0 ||| qw: God list: Okawaru
     0 | D:1      | 0 ||| qw: Allow faded altars: false
     0 | D:1      | 0 ||| qw: Do Orc after clearing Dungeon:15 true
     0 | D:1      | 0 ||| qw: Do second Lair branch before Depths: true
     0 | D:1      | 0 ||| qw: Lair rune preference: random
     0 | D:1      | 0 ||| qw: Goals: Normal
     0 | D:1      | 0 ||| PLANNING D:1-11
   305 | D:1      | Reached XP level 2. HP: 16/16 MP: 4/4
   322 | D:1      | Reached skill level 6 in Ranged Weapons
   659 | D:1      | 659 ||| UPGRADING to ring of willpower.
   660 | D:1      | 660 ||| READING scroll labelled UGRESY VOSO.
   661 | D:1      | 661 ||| DRINKING 2 green potions.
   662 | D:1      | 662 ||| DROPPING scroll of butterflies.
   713 | D:2      | Reached XP level 3. HP: 20/20 MP: 5/5
   776 | D:2      | Reached skill level 7 in Ranged Weapons
   826 | D:2      | 826 ||| RETREEEEATING.
   827 | D:2      | 827 ||| RETREEEEATING.
   828 | D:2      | 828 ||| RETREEEEATING.
   829 | D:2      | 829 ||| RETREEEEATING.
   835 | D:2      | 835 ||| RETREEEEATING.
   841 | D:2      | HP: 4/20 [gnoll/+0 spear (5)]
   841 | D:2      | Slain by a gnoll

Levels and vault maps discovered:
D:1:      dpeg_arrival_tiny_a, layout_loops_ring, minivault_23,
          minmay_gold_behind_fungi
D:2:      wad_crossroads, layout_rooms, basic_altar, kennysheep_generic_room_15

Skill      XL: |  1  2  3 |
---------------+----------+-----
Ranged Weapons | 6 7 |  7.3
Fighting       | |  1.5
Dodging        | |  2.4
Stealth        | |  1.2

Action                     || total
---------------------------++-------
   Fire: Shortbow          ||    72
    Use: Scroll            ||     1
         Potion            ||     1
 Armour: Leather armour    ||     9
  Dodge: Dodged            ||    12

Table legend:
 A = Non-vault XP
 B = Vault XP
 C = Vault XP percentage of total XP
 D = Non-vault monster count
 E = Vault monster count
 F = Vault count percentage of total count
                 A         B        C        D         E       F
            +---------+---------+-------+---------+---------+-------
      Total |      78 |      13 |  14.3 |      29 |       1 |   3.3
            +---------+---------+-------+---------+---------+-------
        D:1 |      28 |       0 |   0.0 |      19 |       0 |   0.0
        D:2 |      50 |      13 |  20.6 |      10 |       1 |   9.1
            +---------+---------+-------+---------+---------+-------
